 Dungeon Crawl Stone Soup version 0.31.0-32-g396128a36d (webtiles) character file.

Game seed: 10154600501680151670

8386 Wallfacer the Fighter (level 11, -2/81 HPs)
             Began as an Octopode Shapeshifter on Mar 25, 2024.
             Was an Initiate of Gozag.
             Succumbed to an orc warrior's poison
             ... on level 9 of the Dungeon.
             The game lasted 00:15:43 (9417 turns).

Wallfacer the Fighter (Octopode Shapeshifter)       Turns: 9417, Time: 00:15:43

Health: -2/81      AC:  1    Str: 10 (13) XL:     11   Next: 30%
Magic:  11/11      EV: 23    Int: 16 (17) God:    Gozag
Gold:   850        SH:  0    Dex: 10 (12) Spells: 10/10 levels left

rFire   . .          .
                       - Unarmed
rCold   . . .        (shield currently unavailable)
rNeg    . . .        (helmet restricted)
rPois   .            (no amulet)
rElec   .            E - +5 ring of evasion
rCorr   .            L - ring of flight
SInv    .            Y - +4 ring of slaying
Will    .....        (no ring)
Stlth   ++           (no ring)
HPRegen 0.33/turn    (no ring)
MPRegen 0.12/turn    (no ring)
                     (no ring)

%: no passive effects
@: lethally poisoned (-2 -> -16), flux-form, flying, glowing
A: glow, contaminating, almost no armour, amphibious, 8 rings, camouflage 1,
gelatinous body 1, (nimble swimmer 1), tentacles
a: Begin Untransformation, Renounce Religion, Potion Petition, Call Merchant,
Bribe Branch


You were on level 9 of the Dungeon.
You worshipped Gozag.
Gozag was pleased with you.
You were something dangerously unstable.
You visited 2 branches of the dungeon, and saw 10 of its levels.
You also visited: Bailey.

You collected 986 gold pieces.
You paid 136 gold pieces to Gozag.


Innate Abilities, Weirdness & Mutations

You are something dangerously unstable.
You glow with magical radiation, making you easy to see and hit.
Foes you strike become dangerously contaminated with magical radiation.
You are incapable of wielding weapons or throwing items.
You cannot wear most types of armour.
You are amphibious.
You can wear up to eight rings at the same time.
Your skin changes colour to match your surroundings (Stealth+).
Your rubbery body absorbs attacks. (AC +1, EV +1)
((You are camouflaged when in or above water. (Stealth+)))
You have tentacles for arms and can constrict up to eight enemies at once.


   Skills:
 - Level 10.0 Fighting
 - Level 5.0 Dodging
 - Level 5.0 Stealth
 + Level 9.7 Unarmed Combat
 - Level 9.0 Shapeshifting


You had 10 spell levels left.
You didn't know any spells.
Your spell library contained the following spells:

 Spells                   Type           Power      Damage    Failure   Level
 Magic Dart               Conj           0%         1d3       26%         1
 Call Imp                 Summ           0%         N/A       36%         2
 Lesser Beckoning         Tloc           0%         N/A       36%         2
 Searing Ray              Conj           0%         2d4       36%         2
 Sublimation of Blood     Necr           0%         N/A       36%         2
 Gell's Gravitas          Tloc           0%         N/A       58%         3
 Teleport Other           Tloc           0%         N/A       58%         3
 Fulminant Prism          Conj/Alch      0%         3d5       94%         4
 Dispersal                Tloc           0%         N/A       100%        6
 Summon Hydra             Summ           0%         N/A       100%        7

Inventory:

Missiles
 g - 19 poisoned darts (quivered)
 h - a throwing net {=f}
Magical Staves
 a - a staff of death {!a}
Jewellery
 E - a +5 ring of evasion (left tentacle)
 L - a ring of flight (right tentacle)
 Y - a +4 ring of slaying (on tentacle)
Talismans
 b - a beast talisman
 c - a flux talisman (active)
Wands
 o - a wand of charming (14)
 u - a wand of iceblast (8)
 y - a wand of acid (10)
Scrolls
 d - a scroll of torment {unknown}
 e - 3 scrolls of brand weapon
 f - a scroll of poison {unknown}
 i - 2 scrolls of noise {unknown}
 k - 3 scrolls of teleportation {unknown}
 m - 3 scrolls of fear {unknown}
 n - 2 scrolls of silence {unknown}
 r - 2 scrolls of enchant weapon {unknown}
 s - a scroll of immolation {unknown}
 v - 4 scrolls of identify {@r1}
 x - a scroll of vulnerability {unknown}
 C - 2 scrolls of blinking {unknown}
 D - 2 scrolls of enchant armour {unknown}
Potions
 j - a potion of haste {@q3}
 l - a potion of enlightenment {unknown}
 p - 2 potions of degeneration
 q - a potion of cancellation
 t - a potion of heal wounds {unknown}
 w - a potion of attraction
 z - a potion of mutation {unknown}
 A - 3 potions of might
 B - a potion of brilliance

Dungeon Overview and Level Annotations

Branches:
Dungeon (9/15)             Temple (1/1) D:5            Lair (0/5) D:8
    Orc (0/2) D:9          Bailey (visited)

Altars:
Ashenzari
Cheibriados
Dithmenos
Elyvilon
Fedhas
Gozag
Hepliaklqana
Kikubaaqudgha
Makhleb
Nemelex Xobeh
Okawaru
Qazlal
Ru
Sif Muna
Trog
Uskayaw
Vehumet
Wu Jian
Xom
Yredelemnul
Zin
The Shining One

Annotations:
D:7 1 runed translucent door

#.▒▒▒▒'▒▒...#####.#
#.▒.....▒...# .#
#####.▒.....▒...# .#
......▒.....▒...#
......▒'▒▒▒▒▒...#
................#####.
######................
#................
##.....>o.p.......
#.................
#.................
#.................
#..........#######
#......#####
#######...D).+
.............#
.....§.......#


You could see a steam dragon and an orc warrior.


Message History

The orc is engulfed in a cloud of scalding steam.
The orc dies!
The orc warrior is engulfed in a cloud of scalding steam.
The steam dragon is no longer distracted by gold.
The steam dragon breathes steam at you. The ball of steam misses you.
You are engulfed in a cloud of scalding steam.
* * * LOW HITPOINT WARNING * * *
The orc warrior is engulfed in a cloud of scalding steam.
The orc warrior attacks as it pursues you!
The orc warrior closely misses you.
The orc warrior is engulfed in a cloud of scalding steam.
The orc warrior attacks as it pursues you!
The orc warrior barely misses you.
The orc warrior attacks as it pursues you!
The orc warrior hits you from afar with a +0 halberd of venom!
* * * LOW HITPOINT WARNING * * *
You are lethally poisoned!
* * * LOW HITPOINT WARNING * * *
You feel very sick.
Unknown command.
* * * LOW HITPOINT WARNING * * *
You feel very sick.
You can't wield anything in your present form.
Unknown command.
It was a potion of degeneration.
There was something very wrong with that liquid.
You feel weakened.
You feel dopey.
You feel clumsy.
You die...
Your body crumbles into a pile of gold.

Skill      XL: |  1  2  3  4  5  6  7  8  9 10 11 |
---------------+----------------------------------+-----
Fighting       | 2 3 4 5 6 7 9 10 | 10.0
Shapeshifting  | 4 5 6 7 9 |  9.0
Unarmed Combat | 4 6 7 9 |  9.7
Stealth        | 5 |  5.0
Dodging        | 5 |  5.0

Action                     |  1- 3 |  4- 6 |  7- 9 | 10-12 || total
---------------------------+-------+-------+-------+-------++-------
  Melee: Unarmed           |    70 |   117 |   228 |   136 ||   551
         Tentacles         |    14 |    25 |    60 |    44 ||   143
         Constrict         |    22 |    32 |    60 |    13 ||   127
         Punch             |       |     2 |     3 |       ||     5
  Throw: Dart              |       |    12 |     8 |       ||    20
    Use: Potion            |       |       |     6 |     6 ||    12
         Scroll            |       |       |       |     1 ||     1
   Stab: Sleeping          |     3 |     6 |    10 |       ||    19
         Distracted        |       |       |       |     1 ||     1
 Armour: Skin              |    31 |    43 |    90 |    36 ||   200
  Dodge: Dodged            |    35 |    85 |   211 |   100 ||   431
   Form: Flux              |       |       |     1 |       ||     1

Levels and vault maps discovered:
D:1:      dpeg_arrival_court, layout_rooms, chequers_serial_rivers_micro_a
D:2:      layout_basic, uniq_sigmund
D:3:      layout_rooms, elyvilon_altar_1, st_stairs_2, uniq_terence
D:4:      layout_loops_corners, amcnicky_mini_rare_corridor_liquid
D:5:      layout_basic, minmay_temple_entry_glass,
          minmay_misc_feat_more_columns, uniq_ijyb, uniq_crazy_yiuf_cottage,
          uniq_menkaure
D:6:      corexii_shack_village, layout_loops_corners, nicolae_tricolors
D:7:      cheibrodos_shockbox, layout_basic,
          chequers_temple_overflow_minitemple, general_overflow_altar,
          minmay_misc_feat_nine_boxes
D:8:      layout_loops_ring, minitemple, dpeg_lair_monsters, enter_bailey_5,
          nicolae_wwwww
D:9:      layout_irregular_city, orc_0_dummy, uniq_jeremiah, uniq_amaemon
Temple:   nicolae_temple_figure_eight

Notes
Turn   | Place    | Note
-------+----------+-------------------------------------------
     0 | D:1      | Wallfacer the Octopode Shapeshifter began the quest for the
                  | Orb.
     0 | D:1      | Reached XP level 1. HP: 13/13 MP: 1/1
   118 | D:1      | Reached skill level 2 in Fighting
   118 | D:1      | Reached XP level 2. HP: 19/19 MP: 2/2
   400 | D:1      | Reached XP level 3. HP: 23/25 MP: 3/3
   536 | D:1      | Reached skill level 3 in Fighting
   742 | D:2      | You fall into a shaft and drop 1 floor!
   748 | D:3      | Noticed Terence
   857 | D:2      | Reached XP level 4. HP: 31/31 MP: 4/4
  1005 | D:2      | Reached skill level 4 in Shapeshifting
  1139 | D:2      | Noticed Sigmund
  1147 | D:2      | Killed Sigmund
  1148 | D:2      | Reached skill level 4 in Fighting
  1148 | D:2      | Reached XP level 5. HP: 33/38 MP: 5/5
  1148 | D:2      | Reached XP level 6. HP: 39/44 MP: 6/6
  1772 | D:3      | Found a white marble altar of Elyvilon.
  1986 | D:3      | Killed Terence
  2256 | D:4      | Reached skill level 5 in Fighting
  2347 | D:4      | Reached skill level 5 in Shapeshifting
  3079 | D:4      | Reached XP level 7. HP: 50/50 MP: 7/7
  3589 | D:5      | Entered Level 5 of the Dungeon
  3604 | D:5      | Reached skill level 4 in Unarmed Combat
  3871 | D:5      | Reached skill level 6 in Fighting
  3871 | D:5      | Reached skill level 6 in Shapeshifting
  3871 | D:5      | Reached XP level 8. HP: 42/57 MP: 8/8
  3951 | D:5      | Noticed Ijyb
  3956 | D:5      | Killed Ijyb
  4018 | D:5      | Noticed Menkaure
  4026 | D:5      | Killed Menkaure
  4169 | D:5      | Found a staircase to the Ecumenical Temple.
  4181 | Temple   | Entered the Ecumenical Temple
  4566 | D:5      | Found a runed translucent door.
  4567 | D:5      | Noticed Crazy Yiuf
  4902 | D:5      | Killed Crazy Yiuf
  5094 | D:6      | Reached skill level 5 in Unarmed Combat
  5915 | D:7      | Reached skill level 7 in Fighting
  5977 | D:7      | Reached skill level 7 in Shapeshifting
  6134 | D:7      | Found a runed translucent door.
  6320 | D:7      | Reached skill level 6 in Unarmed Combat
  6320 | D:7      | Reached XP level 9. HP: 64/64 MP: 9/9
  6375 | D:7      | Found a shadowy altar of Dithmenos.
  6437 | D:7      | Reached skill level 7 in Unarmed Combat
  6611 | D:7      | Found a faded altar of an unknown god.
  6611 | D:7      | Found a snail-covered altar of Cheibriados.
  6617 | D:7      | Found a stormy altar of Qazlal.
  6619 | D:7      | Found an opulent altar of Gozag.
  6620 | D:7      | Found a faded altar of an unknown god.
  6624 | D:7      | Became a worshipper of Gozag Ym Sagoz the Greedy
  6665 | D:7      | Noticed a sixfirhy
  6736 | D:8      | Found a broken altar of Ashenzari.
  6743 | D:8      | Found a shimmering blue altar of Sif Muna.
  6744 | D:8      | Found an ornate altar of the Wu Jian Council.
  6746 | D:8      | Found a hazy altar of Hepliaklqana.
  6770 | D:8      | Reached skill level 1 in Stealth
  6962 | D:8      | Noticed a death yak
  6962 | D:8      | Noticed a death yak
  6962 | D:8      | Noticed a death yak
  7008 | D:7      | Reached skill level 3 in Dodging
  7008 | D:7      | Reached skill level 2 in Stealth
  7099 | D:8      | Noticed a hornet
  7103 | D:8      | Killed a hornet
  7104 | D:8      | Reached skill level 3 in Stealth
  7126 | D:8      | Reached skill level 4 in Stealth
  7149 | D:8      | Found a flagged portal.
  7166 | Bailey   | Entered a bailey
  7178 | Bailey   | Reached skill level 4 in Dodging
  7256 | Bailey   | Reached skill level 5 in Stealth
  7261 | Bailey   | Reached skill level 5 in Dodging
  7312 | Bailey   | HP: 4/96 [bullfrog (7)]
  7317 | Bailey   | Reached XP level 10. HP: 5/71 MP: 10/10
  7663 | Bailey   | Noticed a vault guard
  7673 | Bailey   | Killed a vault guard
  7674 | Bailey   | Reached skill level 8 in Fighting
  7674 | Bailey   | Reached skill level 8 in Unarmed Combat
  7674 | Bailey   | Reached skill level 8 in Shapeshifting
  7701 | Bailey   | Noticed Prince Ribbit
  7701 | Bailey   | Noticed a vault guard
  7709 | Bailey   | Killed Prince Ribbit
  7738 | Bailey   | Killed a vault guard
  8237 | D:8      | Found a staircase to the Lair.
  8316 | D:8      | Killed a death yak
  8318 | D:8      | HP: 1/73 [death yak (28)]
  8790 | D:8      | Killed a death yak
  8791 | D:8      | Reached skill level 9 in Fighting
  8791 | D:8      | Reached skill level 9 in Unarmed Combat
  8791 | D:8      | Reached skill level 9 in Shapeshifting
  8791 | D:8      | Reached XP level 11. HP: 62/80 MP: 11/11
  8797 | D:8      | Killed a death yak
  8805 | D:8      | Reached skill level 10 in Fighting
  9094 | D:9      | Found a staircase to the Orcish Mines.
  9415 | D:9      | HP: 6/81 [poisoned by an orc warrior]
  9416 | D:9      | HP: 1/81 [poisoned by an orc warrior]
  9417 | D:9      | Succumbed to an orc warrior's poison

Vanquished Creatures
  2 vault guards (Bailey)
  3 death yaks (D:8)
  Prince Ribbit (Bailey)
  A hornet (D:8)
  Sigmund (D:2)
  7 yaks
  2 wyverns (D:9)
  4 humans (Bailey)
  A steam dragon (D:8)
  Menkaure (D:5)
  2 water moccasins
  An ice beast (D:4)
  2 ogres
  2 centaurs
  3 scorpions
  16 bullfrogs
  A howler monkey (D:6)
  3 bombardier beetles
  4 hounds
  A jelly (D:5)
  An orc priest (D:7)
  A sleepcap (D:7)
  Crazy Yiuf (D:5)
  2 gnoll boudas
  Terence (D:3)
  Ijyb (D:5)
  3 iguanas
  3 orc wizards
  5 adders
  14 gnolls
  A white imp (D:6)
  5 dart slugs
  3 ribbon worms
  27 orcs
  4 endoplasms
  6 giant cockroaches
  12 goblins
  8 hobgoblins
  6 jackals
  4 quokkas
  14 ball pythons
  7 bats
  5 frilled lizards
  13 kobolds
  6 rats
211 creatures vanquished.

Vanquished Creatures (others)
  An orc (D:9)
  A bat (D:1)
2 creatures vanquished.

Grand Total: 213 creatures vanquished

Table legend: (Time is in decaauts)
 A = Elapsed time spent in this place.
 B = Non-inter-level travel time spent in this place.
 C = Inter-level travel time spent in this place.
 D = Time resting spent in this place.
 E = Time spent auto-exploring this place.
 F = Levels seen in this place.
 G = Mean time per level.
                   A        B        C        D        E       F      G
               +--------+--------+--------+--------+--------+-----+--------+
         Total |   9359 |   9033 |    326 |   1642 |   5806 |  11 |  850.8 |
       Dungeon |   8552 |   8226 |    326 |   1276 |   5511 |   9 |  950.2 |
        Temple |      1 |      1 |      0 |      0 |      0 |   1 |    1.0 |
        Bailey |    804 |    804 |      0 |    366 |    295 |   1 |  804.0 |
               +--------+--------+--------+--------+--------+-----+--------+

Top non-repeatable levels by time:
     D:4: 1349 daAuts
     D:5: 1272 daAuts
     D:7: 1186 daAuts
     D:8: 1040 daAuts
     D:6: 958 daAuts
     D:2: 925 daAuts
  Bailey: 804 daAuts
     D:3: 749 daAuts
     D:1: 623 daAuts
     D:9: 446 daAuts
  Temple: 1 daAuts

Table legend:
 A = Non-vault XP
 B = Vault XP
 C = Vault XP percentage of total XP
 D = Non-vault monster count
 E = Vault monster count
 F = Vault count percentage of total count
                 A         B        C        D         E       F
            +---------+---------+-------+---------+---------+-------
      Total |    4366 |    7615 |  63.6 |     161 |      50 |  23.7
            +---------+---------+-------+---------+---------+-------
        D:1 |      43 |       0 |   0.0 |      26 |       0 |   0.0
        D:2 |     114 |     223 |  66.2 |      28 |       1 |   3.4
        D:3 |     139 |      41 |  22.8 |      20 |       4 |  16.7
        D:4 |     351 |       0 |   0.0 |      25 |       0 |   0.0
        D:5 |     580 |     247 |  29.9 |      17 |       3 |  15.0
        D:6 |     213 |      17 |   7.4 |       7 |       7 |  50.0
        D:7 |     776 |     406 |  34.3 |      17 |       2 |  10.5
        D:8 |     817 |    2658 |  76.5 |      10 |       8 |  44.4
        D:9 |    1333 |       0 |   0.0 |      11 |       0 |   0.0
     Bailey |       0 |    4023 | 100.0 |       0 |      25 | 100.0
            +---------+---------+-------+---------+---------+-------
